 Dungeon Crawl Stone Soup version 0.26.1-11-gd32895ea62 (webtiles) character file.

Game seed: 10183701905037734546

13680 speedstriker the Spear-Bearer (level 11, -1/101 HPs)
             Began as a Palentonga Warper on Apr 29, 2021.
             Shot with an arrow by a centaur (6 damage)
             ... led by a centaur warrior
             ... on level 13 of the Dungeon on May 1, 2021.
             The game lasted 01:05:49 (17940 turns).

speedstriker the Spear-Bearer (Palentonga Warper)  Turns: 17940, Time: 01:05:49

Health: -1/101     AC: 16    Str: 22    XL:     11   Next: 78%
Magic:  0/14       EV: 11    Int: 16    God:
Gold:   924        SH:  0    Dex: 12    Spells: 9/15 levels left

rFire    . . .     SeeInvis +   L - +8 spear (freeze)
rCold    . . .     Faith    .   (no shield)
rNeg     . . .     Spirit   +   I - +3 leather armour
rPois    .         Reflect  .   m - +0 helmet
rElec    .         Harm     .   (no cloak)
rCorr    .         Rampage  .   (no gloves)
Will     +....                  (no barding)
Stlth    +.........             A - amulet of guardian spirit
HPRegen  0.26/turn              f - +6 ring of strength
MPRegen  0.14/turn              B - ring "Komiq" {Will+ Int+3 Stlth-}

@: about to teleport, curled up
A: large, rugged brown scales 3, see invisible, deformed body, roll 1, armoured
tail, reflexive curl
a: Rolling Charge


You were on level 13 of the Dungeon.
You visited 1 branch of the dungeon, and saw 13 of its levels.
You also visited: Gauntlet.

You collected 924 gold pieces.

Inventory:

Hand Weapons
 a - a +0 falchion
 h - a +0 dagger of flaming
 C - a +2 quarterstaff of chaos
 D - a +0 hunting sling
 G - a +0 shortbow
 K - a +3 war axe
 L - a +8 spear of freezing (weapon)
 M - a cursed +0 hand axe
 U - a +1 antimagic flail
Missiles
 e - 4 boomerangs of dispersal
 i - 165 arrows
 k - 353 stones
 n - 6 poisoned darts (quivered)
 z - 11 boomerangs
 N - 43 sling bullets
Armour
 m - a +0 helmet (worn)
 o - a +0 chain mail
 I - a +3 leather armour (worn)
 O - a scarf of shadows
Magical Staves
 T - an uncursed staff of fire
Jewellery
 f - a +6 ring of strength (left hand)
 j - an uncursed amulet of the acrobat
 A - an amulet of guardian spirit (around neck)
 B - the ring "Komiq" (right hand) {Will+ Int+3 Stlth-}
   (You found it on level 7 of the Dungeon)

   [ring of attention]

   It affects your intelligence (+3).
   It affects your willpower, your defense against some magical effects.
   It makes you less stealthy.
 E - a cursed ring of attention
 J - the ring "Gemonun" {Wiz rC+}
   (You found it on level 5 of the Dungeon)

   [ring of wizardry]

   It improves your spell success rate.
   It protects you from cold.
Wands
 H - a wand of enslavement (7)
 V - a wand of digging (4)
Scrolls
 b - a scroll of holy word {unknown}
 c - a scroll of fog
 p - 2 scrolls of teleportation
 r - 5 scrolls of identify
 s - a scroll of noise
 t - 2 scrolls of immolation
 x - 11 scrolls of remove curse
 y - 4 scrolls of enchant armour
 Q - a scroll of amnesia {unknown}
 S - a scroll of vulnerability {unknown}
Potions
 d - a potion of flight {unknown}
 g - 2 potions of curing
 l - 4 potions of degeneration
 u - a potion of ambrosia
 v - 2 potions of mutation
 w - 2 potions of attraction
 F - 3 potions of lignification
 P - a potion of cancellation {unknown}
 R - 2 potions of haste


   Skills:
 + Level 8.7 Fighting
 + Level 2.1(2.6) Short Blades
 + Level 2.2(2.7) Long Blades
 + Level 9.9(10.4) Polearms
 + Level 5.8(9.1) Staves
 + Level 2.8 Bows
 + Level 3.4 Throwing
 + Level 5.6 Armour
 + Level 4.8 Dodging
 + Level 2.8 Stealth
 + Level 0.1 Unarmed Combat
 + Level 2.5 Spellcasting
 + Level 3.8 Translocations


You had 9 spell levels left.
You knew the following spells:

 Your Spells              Type           Power        Failure   Level
a - Blink                 Tloc           N/A          7%          2
b - Teleport Other        Tloc           14%          14%         3
c - Corona                Hex            2%           22%         1

Your spell library contained the following spells:

 Spells                   Type           Power        Failure   Level
 Gell's Gravitas          Tloc           7%           14%         3
 Lesser Beckoning         Tloc           7%           14%         3
 Summon Small Mammal      Summ           8%           22%         1
 Portal Projectile        Hex/Tloc       16%          30%         3
 Call Imp                 Summ           2%           34%         2
 Slow                     Hex            2%           34%         2
 Passage of Golubria      Tloc           N/A          41%         4
 Call Canine Familiar     Summ           2%           56%         3
 Confusing Touch          Hex            2%           56%         3
 Ignite Poison            Fire/Tmut/Pois 2%           56%         3
 Inner Flame              Hex/Fire       2%           56%         3
 Summon Guardian Golem    Hex/Summ       2%           56%         3
 Cause Fear               Hex            1%           92%         4
 Leda's Liquefaction      Hex/Erth       1%           92%         4
 Petrify                  Tmut/Erth      2%           92%         4
 Summon Ice Beast         Ice/Summ       2%           92%         4
 Summon Lightning Spire   Summ/Air       2%           92%         4
 Fireball                 Conj/Fire      1%           99%         5
 Metabolic Englaciation   Hex/Ice        1%           99%         5
 Yara's Violent Unravell  Hex/Tmut       1%           99%         5
 Starburst                Conj/Fire      1%           100%        6
 Ignition                 Fire           1%           100%        8


Dungeon Overview and Level Annotations

Branches:
Dungeon (13/15)            Temple (0/1) D:7            Lair (0/6) D:8
    Orc (0/2) D:9         Gauntlet (visited)
 Vaults: D:13-14

Altars:
Cheibriados
Dithmenos
Elyvilon
Fedhas
Okawaru
Wu Jian
Beogh

Shops:
D:10 (?   D:11 [

Annotations:
D:4 Dowan, Duvessa
D:7 2 runed translucent doors, exclusion: orange crystal statue


Innate Abilities, Weirdness & Mutations

You are completely covered in rugged brown scales. (AC +3, +7% HP)
You have supernaturally acute eyesight. (SInv)
Armour fits poorly on your strangely shaped body.
You can roll at nearby foes to attack.
You have a long armoured tail.
You curl defensively after being hit.


Message History

The centaur hits you.
You barely miss the centaur.
The centaur is heavily wounded.
The orc closely misses you. The centaur hits you.
The centaur unwields a +0 shortbow.
The centaur closely misses you.
You puncture the centaur! You freeze the centaur.
You kill the centaur!
The orc barely misses you. The centaur warrior hits you.
As you read the scroll of teleportation, it crumbles to dust.
You feel strangely unstable.
The centaur hits you but does no damage.
The centaur warrior hits you.
* * * LOW HITPOINT WARNING * * *
The centaur hits you but does no damage.
The centaur warrior wields a +0 longbow.
The centaur warrior shoots an arrow.
The arrow hits you!!
* * * LOW HITPOINT WARNING * * *
The centaur wields a +0 shortbow.
The centaur shoots an arrow.
The arrow hits you!
You die...

######## #......
#...# #<..#
#...# #...#
.#######@).####
.....c.o).......
......cco.......
...}............
###############.


You could see a centaur warrior, 2 centaurs and 2 orcs.

Vanquished Creatures
  A centaur warrior (D:13)
  A two-headed ogre (D:10)
  Pikel (D:8)
  A deep elf mage (D:9)
  A gargoyle (D:10)
  4 trolls
  A slime creature (D:12)
  A wraith (D:10)
  12 yaks
  2 wyverns
  6 humans (D:9)
  An acid dragon (D:11)
  5 ice beasts
  2 orc warriors
  A black bear (D:8)
  2 sky beasts (D:10)
  4 phantoms
  4 wolves (D:8)
  8 centaurs
  7 ogres
  A lemure (D:8)
  2 big kobolds
  7 bullfrogs
  4 scorpions
  A wyvern skeleton (D:8)
  10 killer bees
  12 wights
  A howler monkey (D:5)
  2 centaur zombies
  7 jellies
  2 quasits
  11 hounds
  A bullfrog zombie (D:12)
  12 orc wizards
  9 orc priests
  2 bullfrog skeletons
  2 centaur skeletons
  Crazy Yiuf (D:3)
  4 iguanas
  Terence (D:3)
  8 worker ants
  A killer bee zombie (D:7)
  A hound zombie (D:5)
  2 worker ant zombies
  Robin (D:2)
  7 gnolls
  10 adders
  A shadow imp (D:8)
  3 white imps
  3 ufetubi
  2 oozes
  An adder zombie (D:9)
  3 adder skeletons
  3 worms
  A dart slug (D:1)
  13 leopard geckos
  47 orcs
  5 ball pythons
  9 bats
  5 giant cockroaches
  11 goblins
  19 hobgoblins
  12 jackals
  4 quokkas
  9 frilled lizards
  8 kobolds
  A quokka zombie (D:8)
  12 rats
359 creatures vanquished.

Vanquished Creatures (others)
  A goblin (D:2)
  A quokka (D:2)
  22 demonic plants (Gauntlet)
  9 plants (D:2)
  12 withered plants (Gauntlet)
45 creatures vanquished.

Grand Total: 404 creatures vanquished

Notes
Turn   | Place    | Note
-------+----------+-------------------------------------------
     0 | D:1      | speedstriker the Palentonga Warper began the quest for the
                  | Orb.
     0 | D:1      | Reached XP level 1. HP: 18/18 MP: 3/3
   141 | D:1      | Reached XP level 2. HP: 21/25 MP: 5/5
   154 | D:1      | Learned a level 2 spell: Blink
   461 | D:1      | Found a snail-covered altar of Cheibriados.
   664 | D:1      | Reached XP level 3. HP: 29/32 MP: 6/6
  1109 | D:1      | Reached skill level 1 in Armour
  1470 | D:2      | Found a faded altar of an unknown god.
  2053 | D:2      | Noticed Robin
  2086 | D:2      | Killed Robin
  2087 | D:2      | Reached XP level 4. HP: 35/39 MP: 7/7
  2094 | D:2      | Found a white marble altar of Elyvilon.
  2173 | D:2      | Reached skill level 1 in Short Blades
  2701 | D:3      | Noticed Terence
  2958 | D:3      | Found an iron altar of Okawaru.
  3199 | D:3      | Killed Terence
  3200 | D:3      | Reached XP level 5. HP: 35/44 MP: 5/8
  3351 | D:3      | Reached skill level 1 in Throwing
  3535 | D:3      | Found a runed translucent door.
  3536 | D:3      | Noticed Crazy Yiuf
  3595 | D:3      | Killed Crazy Yiuf
  4175 | D:4      | Reached XP level 6. HP: 31/54 MP: 6/9
  4502 | D:4      | Noticed Dowan
  4503 | D:4      | Noticed Duvessa
  4569 | D:5      | Entered Level 5 of the Dungeon
  4946 | D:5      | Gained mutation: You curl defensively after being hit.
                  | [Palentonga growth]
  4946 | D:5      | Reached XP level 7. HP: 55/60 MP: 7/10
  4989 | D:5      | Reached skill level 1 in Staves
  5259 | D:5      | Found a blossoming altar of Fedhas.
  5963 | D:5      | Reached XP level 8. HP: 68/70 MP: 11/11
  6085 | D:5      | Got a sparkling iron ring
  6253 | D:5      | Identified the ring "Gemonun" {Wiz rC+} (You found it on
                  | level 5 of the Dungeon)
  6989 | D:6      | Reached skill level 5 in Staves
  7638 | D:7      | Reached skill level 1 in Polearms
  7714 | D:7      | Got a clouded brass ring
  7719 | D:7      | Found a runed translucent door.
  7721 | D:7      | Noticed an orange crystal statue
  7728 | D:7      | Found the +10 tower shield of Ignorance {rN+ Int-4}
  7738 | D:7      | Reached skill level 1 in Stealth
  7773 | D:7      | Reached skill level 2 in Polearms
  8080 | D:7      | Reached XP level 9. HP: 69/77 MP: 9/12
  8145 | D:7      | Reached skill level 3 in Polearms
  8294 | D:7      | Found a staircase to the Ecumenical Temple.
  8315 | D:7      | Learned a level 3 spell: Teleport Other
  8317 | D:7      | Learned a level 1 spell: Corona
  8362 | D:7      | Reached skill level 5 in Fighting
  8742 | D:7      | Found a snail-covered altar of Cheibriados.
  8878 | D:7      | Found a runed translucent door.
  8959 | D:8      | Reached skill level 4 in Polearms
  9202 | D:8      | Noticed Pikel
  9202 | D:8      | Noticed a troll
  9222 | D:8      | Killed Pikel
  9223 | D:8      | Reached skill level 5 in Polearms
  9229 | D:8      | Reached skill level 5 in Armour
  9759 | D:8      | Reached skill level 6 in Polearms
  9925 | D:8      | Reached XP level 10. HP: 82/88 MP: 13/13
 10484 | D:8      | Found a staircase to the Lair.
 11288 | D:9      | Noticed a two-headed ogre
 11397 | D:9      | Found a staircase to the Orcish Mines.
 11411 | D:9      | Found a roughly hewn altar of Beogh.
 11423 | D:9      | Reached skill level 1 in Bows
 11477 | D:9      | Found a shadowy altar of Dithmenos.
 11936 | D:9      | Found an ornate altar of the Wu Jian Council.
 11948 | D:9      | Reached skill level 7 in Polearms
 12698 | D:9      | Noticed a deep elf mage
 12706 | D:9      | Killed a deep elf mage
 13111 | D:10     | Entered Level 10 of the Dungeon
 13111 | D:10     | Noticed a gargoyle
 13160 | D:9      | Reached skill level 8 in Polearms
 13444 | D:10     | Noticed a two-headed ogre
 13468 | D:10     | Noticed a gargoyle
 13566 | D:10     | Killed a two-headed ogre
 13567 | D:10     | Reached XP level 11. HP: 66/98 MP: 10/14
 13595 | D:10     | Found Jysiele's Antique Weapon Boutique.
 14205 | D:10     | Found Ucoczoun's Magic Scroll Boutique.
 14597 | D:10     | Reached skill level 9 in Polearms
 15641 | D:11     | Identified the ring "Komiq" {Will+ Int+3 Stlth-} (You found
                  | it on level 7 of the Dungeon)
 16321 | D:11     | Found Esox's Antique Armour Boutique.
 16531 | D:12     | Found a gate leading to a gauntlet.
 16864 | Gauntlet | Entered a Gauntlet
 16864 | Gauntlet | Found a transporter.
 16864 | Gauntlet | Found a transporter.
 16864 | Gauntlet | Noticed a sixfirhy
 16913 | Gauntlet | Found a transporter.
 16917 | Gauntlet | Found a transporter.
 16927 | Gauntlet | Found a transporter.
 16931 | Gauntlet | Found a transporter.
 16938 | Gauntlet | Noticed a fire crab
 16941 | Gauntlet | Found a transporter.
 16968 | Gauntlet | Noticed a wolf spider
 16976 | Gauntlet | Noticed a reaper
 16986 | Gauntlet | Found a transporter.
 16986 | Gauntlet | Found a transporter.
 17028 | Gauntlet | Found a transporter.
 17032 | Gauntlet | Found a transporter.
 17042 | Gauntlet | Found a transporter.
 17650 | D:12     | Noticed a deep elf mage
 17920 | D:13     | Noticed a centaur warrior
 17928 | D:13     | Noticed a centaur warrior
 17930 | D:13     | Killed a centaur warrior
 17940 | D:13     | HP: 5/101 [centaur warrior/arrow (22)]
 17940 | D:13     | Shot with an arrow by a centaur

Illustrated notes

Levels and vault maps discovered:
D:1:      eino_arrival_cavern_e, layout_loops_cross, cheibriados_altar_1
D:2:      layout_basic, elyvilon_altar_4, chequers_ecumenical_altar_lobes,
          grunt_decor_one_mirror, uniq_robin
D:3:      layout_rooms, lemuel_round_altar, grunt_ministairs_4,
          hangedman_abyss_or_decor_lesser_grid, uniq_terence,
          uniq_crazy_yiuf_cottage
D:4:      layout_cave_pools, minmay_shop_damaged, minivault_11, uniq_duvessa
D:5:      minmay_razor_zed, layout_basic, general_overflow_altar
D:6:      layout_loops_ring
D:7:      layout_rooms, marbit_many_paths, minmay_temple_entry_offerings,
          chequers_guarded_unrand_ignorance
D:8:      cheibrodos_barr_body, layout_loops_cross, erik_lair_island,
          grunt_ministairs_7, uniq_pikel
D:9:      layout_irregular_city, pdpol_wu_jian_five_deadly_venoms,
          kennysheep_little_box, minmay_orc_entry_temple_small, minmay_ruffians
D:10:     layout_roguey, serial_shops, shop, shop, hangedman_corner_corridor
D:11:     layout_loops_ring, serial_shops, nicolae_shop_stone,
          kennysheep_flooded_box
D:12:     layout_cave_pools, portal_ice_cave_rime, basic_altar,
          gauntlet_entry_generic, grunt_ministairs_12, drop_trap, eino_curves_02
D:13:     layout_small_grid, grunt_vaults_entry_fortified, enter_trove_5,
          ebering_ghost_reflecting_pool, the_bakery, uniq_nessos

Skill      XL: |  1  2  3  4  5  6  7  8  9 10 11 |
---------------+----------------------------------+-----
Armour         | 1 2 3 4 5 |  5.6
Dodging        | 2 3 4 |  4.8
Short Blades   | 1 2 |  2.1
Throwing       | 1 2 3 |  3.4
Fighting       | 3 4 6 7 8 |  8.7
Staves         | 3 5 |  5.8
Polearms       | 2 6 8 9 |  9.9
Stealth        | 1 2 |  2.8
Bows           | 2 |  2.8
Long Blades    | |  2.2
Unarmed Combat | |  0.1
Spellcasting   | |  2.5
Translocations | |  3.8

Action                   |  1- 3 |  4- 6 |  7- 9 | 10-12 || total
-------------------------+-------+-------+-------+-------++-------
Melee: Falchion          |    29 |       |       |       ||    29
       Tailslap          |    35 |    32 |    38 |    90 ||   195
       Dagger            |   172 |   159 |       |       ||   331
       Unarmed           |       |     7 |       |       ||     7
       Quarterstaff      |       |    55 |   132 |       ||   187
       Spear             |       |       |   226 |   573 ||   799
       Punch             |       |       |       |     1 ||     1
 Fire: Shortbow          |       |       |       |    21 ||    21
Throw: Dart              |    18 |    51 |    27 |    11 ||   107
       Boomerang         |       |     1 |       |       ||     1
 Cast: Blink             |       |       |     1 |     2 ||     3
       Teleport Other    |       |       |       |     2 ||     2
 Abil: Rolling Charge    |     1 |       |       |       ||     1
  Use: Scroll            |     3 |     4 |    12 |    17 ||    36
       Potion            |       |       |     3 |     4 ||     7
 Stab: Paralysed         |       |       |     2 |       ||     2
       Distracted        |       |       |     1 |       ||     1
       Sleeping          |       |       |     1 |       ||     1
Armor: Leather armour    |    34 |       |    61 |   167 ||   262
       Chain mail        |    21 |   112 |   102 |       ||   235
Dodge: Dodged            |    47 |    63 |   144 |   307 ||   561
       Rpst.: Falchion   |     4 |       |       |       ||     4
